Map: Flashback EE

Players

MrFercho

  • Race: Zerg Zerg
  • League: Gold
  • Spawn Location: 11:00

tigro

  • Race: Terran Terran
  • League: Bronze
  • Spawn Location: 11:00

TATORREA

  • Race: Protoss Protoss
  • League: Gold
  • Spawn Location: 9:00

KenM

  • Race: Terran Terran
  • League: Platinum
  • Spawn Location: 7:00

ReSlaver

  • Race: Protoss Protoss
  • Spawn Location: 7:00

Febreezey

  • Race: Protoss Protoss
  • Spawn Location: 7:00

VOD

Have the link to the VOD?

Description

Time

  • Played on: Aug. 7, 2020, 10:06 p.m.
  • Length: 15:39
Show
View Real Time Build Order
Export as new Build Order

MrFercho Zerg 

Build Orders: Hatch First, Lurkers 

Get SALT Encoding   

  12  0:00  Drone  
  13  0:17  Overlord  
  13  0:18  Drone  
  14  0:35  Drone x2  
  16  0:53  Drone  
  17  0:57  Drone  
  17  0:58  Hatchery  
  17  1:04  Drone  
  18  1:12  Extractor  
  17  1:19  Spawning Pool  
  17  1:20  Drone  
  17  1:23  Drone  
  18  1:33  Drone  
  19  1:43  Drone  
  20  1:54  Overlord  
  20  2:07  Drone  
  21  2:09  Queen  
  21  2:11  Queen  
  21  2:14  Zergling x2  
  26  2:21  Drone  
  27  2:25  Drone  
  27  2:26  Drone  
  29  2:32  Overlord  
  29  2:36  Drone  
  30  2:42  Drone  
  31  2:51  Drone  
  32  3:00  Lair  
  32  3:01  Drone  
  32  3:02  Drone  
  34  3:08  Extractor  
  34  3:09  Drone x2  
  34  3:10  Extractor  
  34  3:15  Overlord  
  34  3:20  Drone  
  34  3:23  Drone x2  
  37  3:32  Evolution Chamber  
  36  3:34  Drone x6  
  36  3:36  Evolution Chamber  
  41  3:48  Drone x2  
  43  3:49  Queen  
  45  3:59  Drone x6  
  45  4:00  Overlord  
  51  4:07  Zerg Missile Weapons Level 1  
  51  4:09  Zerg Ground Armor Level 1  
  51  4:18  Hydralisk Den  
  50  4:50  Muscular Augments  
  50  4:54  Hatchery  
  49  5:08  Nydus Network  
  48  5:23  Extractor  
  48  5:24  Lurker Den  
  48  5:25  Drone x2  
  48  5:26  Drone  
  48  5:27  Drone x2  
  51  5:34  Hatchery  
  50  5:38  Hatchery  
  50  5:39  Spire  
  48  5:43  Drone x4, Infestation Pit  
  51  6:02  Grooved Spines  
  52  6:04  Drone x9  
  52  6:06  Overlord x3  
  52  6:09  Zerg Missile Weapons Level 2  
  60  6:13  Zerg Ground Armor Level 2  
  60  6:26  Hydralisk  
  60  6:27  Hydralisk x2  
  60  6:31  Hydralisk  
  68  6:39  Queen  
  70  6:46  Hive  
  70  6:53  Hydralisk  
  72  7:09  Hydralisk x4  
  80  7:19  Extractor  
  80  7:20  Extractor  
  80  7:21  Drone x3  
  80  7:22  Drone x2  
  83  7:23  Drone  
  83  7:24  Drone x4  
  83  7:25  Drone x5  
  83  7:26  Drone  
  83  7:29  Overlord x2  
  94  7:30  Overlord x2  
  94  7:32  Overlord x2  
  94  7:39  Pneumatized Carapace  
  94  7:41  Burrow  
  94  7:42  Hydralisk  
  94  7:43  Hydralisk x2  
  100  7:59  Seismic Spines  
  100  8:20  Hydralisk x6  
  112  8:27  Hatchery  
  112  8:28  Zergling x2  
  112  8:29  Zergling x36  
  112  8:33  Metabolic Boost  
  130  8:56  Lurker x3, Adaptive Talons  
  130  8:57  Lurker x6  
  130  9:02  Zergling x20  
  149  9:03  Zergling x2  
  149  9:05  Overlord x3  
  149  9:06  Overlord  
  150  9:24  Hydralisk x8  
  166  9:40  Nydus Canal  
  166  9:52  Adrenal Glands  
  166  10:04  Greater Spire  
  85  11:07  Nydus Canal  
  85  11:08  Hydralisk x3  
  85  11:09  Hydralisk x24  
  85  11:10  Hydralisk  
  138  11:27  Overlord  
  138  11:28  Overlord x2  
  138  11:30  Zergling x12  
  144  11:35  Zerg Ground Armor Level 3  
  144  11:37  Zerg Missile Weapons Level 3  
  144  11:48  Overseer  
  144  12:20  Zerg Flyer Weapons Level 1  
  144  12:24  Spire  
  143  12:34  Overseer  
  143  12:44  Extractor  
  143  12:49  Extractor  
  141  12:57  Corruptor  
  141  12:58  Corruptor x8  
  159  13:26  Nydus Canal  
  157  13:44  Nydus Canal  
  157  13:50  Corruptor x9  
  147  14:20  Corruptor  
  147  14:21  Corruptor x13  
  147  14:22  Corruptor  
  171  14:28  Zergling x14  
  171  14:29  Zergling x30  
  171  14:30  Zergling x12  
  180  14:31  Overlord  
  97  15:03  Swarm Host  
  97  15:05  Corruptor x9  
Show
View Real Time Build Order
Export as new Build Order

tigro Terran 

Build Orders:  

Get SALT Encoding   

  12  0:14  SCV  
  13  0:26  Supply Depot, SCV  
  14  0:38  SCV  
  15  0:49  Supply Depot  
  15  0:57  Barracks, SCV  
  16  1:04  Refinery  
  16  1:09  SCV  
  17  1:21  SCV  
  18  1:33  SCV  
  18  1:35  Refinery  
  19  1:45  Marine, SCV  
  21  1:57  SCV  
  22  2:03  Marine  
  23  2:09  SCV  
  23  2:15  Factory  
  24  2:20  Marine  
  24  2:22  Engineering Bay  
  25  2:28  SCV  
  26  2:38  Marine  
  26  2:43  Orbital Command  
  27  2:56  Marine  
  28  3:00  Factory Tech Lab  
  28  3:15  Starport  
  28  3:36  Siege Tank  
  31  3:42  Missile Turret  
  31  4:05  Missile Turret  
  31  4:09  Siege Tank  
  34  4:16  Medivac  
  36  4:25  Command Center  
  36  4:29  Missile Turret  
  36  4:47  Starport Tech Lab  
  36  4:51  Missile Turret  
  36  5:12  Missile Turret  
  36  5:39  Refinery  
  36  5:46  Barracks Tech Lab  
  36  5:52  Command Center  
  36  5:54  Terran Infantry Weapons Level 1  
  36  6:24  Missile Turret  
  36  6:26  Combat Shield  
  36  6:29  Marine  
  37  6:36  SCV  
  38  6:46  Marine, Missile Turret  
  39  6:48  SCV  
  40  7:00  SCV  
  41  7:11  Refinery  
  41  7:12  SCV  
  41  7:13  Missile Turret  
  41  7:14  SCV  
  43  7:24  Supply Depot, SCV  
  43  7:26  SCV  
  45  7:33  Marine  
  45  7:36  SCV  
  45  7:37  Missile Turret  
  47  7:38  SCV  
  47  7:42  Armory  
  48  7:44  Stimpack  
  48  7:47  Supply Depot  
  48  7:48  Terran Infantry Armor Level 1  
  48  7:50  SCV  
  48  7:51  Marine  
  50  7:57  Missile Turret  
  50  8:02  SCV  
  51  8:07  Refinery  
  51  8:08  Marine  
  51  8:10  Supply Depot  
  52  8:14  SCV x2  
  52  8:18  Missile Turret  
  54  8:21  Refinery  
  54  8:26  Marine, SCV x2  
  57  8:29  Fusion Core  
  57  8:33  Terran Vehicle Weapons Level 1  
  57  8:38  SCV x2  
  59  8:44  Marine  
  60  8:50  SCV  
  61  9:02  SCV  
  62  9:35  SCV  
  63  9:42  Neosteel Armor  
  63  9:47  SCV  
  63  9:50  Barracks  
  63  9:51  Battlecruiser  
  70  9:54  Thor  
  70  9:59  SCV  
  77  10:11  SCV  
  78  10:23  SCV  
  78  10:25  Weapon Refit  
  78  10:27  Terran Vehicle And Ship Armor Level 1  
  79  10:55  Battlecruiser  
  71  11:15  Marine  
  73  11:22  Hi-Sec Auto Tracking  
  72  11:33  Marine  
  72  11:36  Barracks Reactor  
  72  11:38  Thor  
  79  11:51  Marine  
  80  11:59  Medivac  
  82  12:02  SCV  
  82  12:05  Rapid Reignition System  
  83  12:08  Marine  
  83  12:15  SCV  
  85  12:19  Terran Infantry Weapons Level 2  
  85  12:21  Thor, Marine x2  
  85  12:22  Terran Ship Weapons Level 1  
  93  12:26  Marine  
  93  12:27  SCV  
  93  12:29  Battlecruiser  
  101  12:39  Marine x2, SCV  
  104  12:44  Marine  
  104  12:46  Planetary Fortress  
  104  12:51  SCV  
  106  12:57  Marine x2  
  108  13:02  Marine  
  108  13:04  Thor  
  115  13:14  Marine  
  115  13:15  Marine  
  117  13:20  Marine  
  87  13:32  Marine x2  
  87  13:34  Battlecruiser  
  89  13:37  Marine  
  81  13:47  Thor  
  84  13:50  Marine x2  
  84  13:55  Marine  
  85  14:08  Marine x2  
  81  14:13  Marine  
  67  14:26  Marine x2  
  67  14:31  Marine  
  73  14:43  Marine  
  75  14:47  Marine  
  75  14:49  Marine  
  60  15:03  Missile Turret  
  48  15:19  Missile Turret  
Show
View Real Time Build Order
Export as new Build Order

TATORREA Protoss 

Build Orders: Oracle Opening, Carriers, Carrier Rush 

Get SALT Encoding   

  12  0:02  Probe  
  13  0:14  Probe  
  14  0:27  Probe  
  14  0:28  Pylon  
  15  0:46  Probe  
  16  0:53  Gateway  
  16  0:58  Probe (Chrono Boost)  
  16  1:04  Pylon  
  17  1:06  Assimilator  
  17  1:10  Probe (Chrono Boost)  
  18  1:16  Assimilator  
  18  1:18  Probe (Chrono Boost)  
  19  1:24  Probe (Chrono Boost)  
  20  1:36  Probe (Chrono Boost)  
  21  1:44  Probe (Chrono Boost)  
  22  1:49  Cybernetics Core  
  22  1:50  Probe  
  22  1:51  Gateway  
  23  2:03  Probe  
  24  2:32  Stargate  
  24  2:40  Nexus  
  24  2:43  Pylon  
  24  2:45  Pylon  
  24  2:49  Probe (Chrono Boost)  
  25  3:01  Probe (Chrono Boost)  
  26  3:07  Probe (Chrono Boost)  
  27  3:15  Probe  
  27  3:19  Fleet Beacon  
  28  3:27  Probe  
  28  3:29  Oracle  
  32  3:36  Pylon  
  32  3:39  Probe  
  33  3:51  Probe  
  33  3:54  Probe  
  35  4:02  Assimilator  
  35  4:03  Probe  
  35  4:06  Probe  
  35  4:09  Assimilator  
  37  4:15  Probe  
  38  4:18  Probe  
  38  4:21  Carrier  
  45  4:28  Probe  
  45  4:30  Probe  
  47  4:40  Probe  
  47  4:42  Probe  
  49  4:52  Probe  
  50  4:54  Probe  
  51  5:04  Probe  
  51  5:06  Probe  
  53  5:16  Probe  
  54  5:28  Probe  
  54  5:29  Probe  
  54  5:32  Carrier  
  62  5:38  Nexus  
  62  5:41  Pylon  
  62  5:42  Pylon  
  62  5:46  Protoss Air Weapons Level 1 (Chrono Boost)  
  62  5:57  Probe x2  
  64  6:09  Probe x2  
  64  6:10  Stargate  
  66  6:11  Stargate, Cybernetics Core  
  66  6:21  Probe x2  
  68  6:31  Pylon  
  68  6:33  Probe x2  
  68  6:34  Pylon  
  68  6:36  Carrier  
  68  6:37  Pylon  
  76  6:45  Probe x2  
  78  6:56  Pylon  
  78  6:57  Probe  
  78  7:00  Pylon  
  76  7:12  Carrier x2  
  76  7:13  Probe x2  
  76  7:14  Probe  
  91  7:25  Assimilator, Probe  
  91  7:26  Probe x2  
  91  7:29  Assimilator  
  94  7:35  Nexus  
  94  7:36  Pylon  
  94  7:39  Pylon  
  94  7:42  Protoss Air Armor Level 1 (Chrono Boost), Carrier  
  94  7:43  Probe x2  
  94  7:44  Protoss Air Weapons Level 2 (Chrono Boost), Probe  
  104  7:58  Probe x3  
  106  8:10  Probe x2  
  106  8:11  Probe  
  109  8:13  Pylon  
  109  8:18  Pylon  
  109  8:20  Pylon  
  109  8:21  Pylon  
  109  8:22  Probe x2  
  109  8:23  Probe  
  109  8:24  Pylon  
  109  8:26  Carrier  
  118  8:28  Pylon  
  118  8:29  Carrier  
  124  8:40  Pylon  
  124  8:42  Probe  
  124  8:43  Probe x2  
  127  8:50  Assimilator, Carrier  
  127  8:54  Probe  
  134  8:56  Assimilator  
  134  9:25  Protoss Air Armor Level 2 (Chrono Boost)  
  134  9:46  Protoss Air Weapons Level 3 (Chrono Boost)  
  98  10:26  Phoenix x3  
  92  10:51  Phoenix x3  
  92  10:52  Nexus  
  98  10:58  Anion Pulse-Crystals (Chrono Boost)  
  98  10:59  Gateway  
  98  11:00  Gateway  
  98  11:03  Gateway  
  98  11:05  Gateway  
  98  11:08  Gateway  
  98  11:10  Gateway  
  98  11:13  Gateway  
  98  11:16  Gateway, Phoenix x3  
  104  11:19  Gateway  
  104  11:21  Gateway  
  104  11:33  Warp Gate (Chrono Boost)  
  104  11:41  Phoenix x3  
  110  11:53  Forge  
  110  11:54  Assimilator, Forge  
  110  11:57  Assimilator  
  110  11:59  Forge, Pylon  
  110  12:02  Pylon  
  110  12:05  Gateway  
  110  12:06  Phoenix x3 (Chrono Boost)  
  110  12:07  Gateway  
  116  12:10  Gateway  
  116  12:13  Gateway  
  116  12:15  Gateway  
  116  12:18  Gateway  
  116  12:22  Phoenix x3 (Chrono Boost)  
  122  12:46  Phoenix x2 (Chrono Boost)  
  122  12:47  Phoenix (Chrono Boost)  
  122  12:49  Twilight Council  
  122  13:08  Phoenix x3 (Chrono Boost)  
  128  13:16  Unknown  
  128  13:20  Stalker x3  
  128  13:21  Stalker x4  
  128  13:22  Stalker x4  
  128  13:23  Stalker x3  
  128  13:24  Stalker x4  
  128  13:26  Phoenix x3  
  106  13:51  Phoenix x3  
  92  14:00  Stalker  
  92  14:01  Stalker x2  
  92  14:02  Stalker x4  
  93  14:03  Stalker  
  93  14:04  Stalker x4  
  93  14:05  Stalker x4  
  93  14:06  Stalker  
Show
View Real Time Build Order
Export as new Build Order

KenM Terran 

Build Orders:  

Get SALT Encoding   

  12  0:00  SCV  
  13  0:12  SCV  
  14  0:22  Supply Depot  
  14  0:27  SCV  
  15  0:44  SCV  
  15  0:47  Barracks  
  16  0:53  Refinery  
  16  1:04  SCV  
  17  1:24  SCV  
  18  1:28  Command Center  
  18  1:36  SCV  
  19  1:54  Marine  
  19  1:57  Supply Depot  
  20  2:25  Orbital Command  
  20  2:26  Command Center  
  20  2:39  Factory  
  20  2:45  Marine  
  20  2:50  SCV  
  22  2:55  SCV  
  23  3:02  SCV  
  24  3:07  SCV  
  25  3:15  SCV  
  25  3:19  SCV  
  27  3:24  Refinery  
  27  3:26  Factory Reactor, Refinery  
  27  3:27  SCV  
  28  3:30  Refinery  
  28  3:32  SCV  
  29  3:39  SCV  
  29  3:40  Orbital Command  
  30  3:44  SCV  
  31  3:51  SCV  
  32  3:56  SCV  
  37  4:03  Hellion x2, SCV  
  37  4:08  SCV  
  39  4:13  SCV  
  39  4:15  SCV  
  41  4:20  SCV  
  41  4:21  Starport  
  41  4:22  Starport, Refinery  
  42  4:25  Refinery, SCV  
  42  4:27  SCV  
  44  4:33  Orbital Command  
  44  4:37  SCV  
  44  4:38  Hellion x2  
  49  4:39  SCV  
  50  4:47  Armory  
  50  4:50  Armory  
  50  4:54  SCV x2  
  50  4:59  Starport Tech Lab x2  
  52  5:04  Fusion Core  
  52  5:07  Starport  
  52  5:09  Starport  
  52  5:10  SCV  
  52  5:11  SCV  
  52  5:13  SCV  
  55  5:22  SCV  
  55  5:24  Supply Depot, SCV  
  55  5:25  SCV  
  58  5:35  SCV  
  59  5:36  Starport, SCV  
  59  5:38  SCV  
  59  5:39  Terran Ship Weapons Level 1  
  59  5:40  Terran Vehicle And Ship Armor Level 1  
  61  5:44  Supply Depot  
  61  5:46  Starport Tech Lab  
  61  5:47  Supply Depot x2, Starport Reactor  
  61  5:51  Starport  
  61  5:59  SCV x2  
  61  6:00  SCV  
  64  6:11  SCV x2  
  65  6:12  SCV  
  65  6:13  Battlecruiser  
  65  6:15  Command Center  
  73  6:24  Battlecruiser  
  79  6:36  Battlecruiser  
  79  6:38  Starport Tech Lab  
  79  6:39  SCV  
  86  6:40  SCV  
  86  6:42  SCV  
  85  7:01  Viking  
  85  7:02  Viking  
  85  7:03  SCV  
  85  7:06  SCV  
  85  7:07  SCV  
  90  7:11  Viking  
  92  7:20  Command Center  
  92  7:23  Supply Depot  
  92  7:25  Supply Depot  
  92  7:27  Supply Depot  
  92  7:30  Battlecruiser  
  92  7:36  SCV x3  
  101  7:47  Orbital Command  
  101  7:48  SCV x2  
  101  7:49  SCV  
  104  8:00  SCV  
  104  8:01  SCV x2  
  107  8:06  Refinery  
  107  8:09  Battlecruiser  
  113  8:12  SCV  
  113  8:13  SCV x2  
  113  8:16  Battlecruiser  
  113  8:17  Refinery  
  122  8:23  Battlecruiser  
  128  8:29  Terran Ship Weapons Level 2  
  128  8:30  Terran Vehicle And Ship Armor Level 2  
  128  8:32  Supply Depot  
  128  8:34  Supply Depot  
  128  8:38  Supply Depot  
  128  8:45  Viking x4  
  136  8:52  Orbital Command  
  136  8:55  Refinery  
  136  8:58  SCV  
  136  8:59  SCV x3  
  140  9:05  Supply Depot  
  140  9:06  Supply Depot  
  140  9:08  Supply Depot, Battlecruiser, Refinery  
  146  9:11  SCV x4  
  146  9:17  Starport x2  
  150  9:18  Starport  
  150  9:21  Starport  
  150  9:24  Starport  
  150  9:35  Battlecruiser  
  146  10:22  Battlecruiser, Starport Tech Lab  
  146  10:23  Starport Tech Lab x4  
  140  10:36  Battlecruiser x2  
  140  10:39  Battlecruiser  
  156  10:47  Battlecruiser  
  162  10:51  Battlecruiser  
  168  11:17  Battlecruiser  
  180  11:18  Battlecruiser  
  180  11:30  Battlecruiser  
  186  11:37  Battlecruiser  
  192  11:46  Battlecruiser  
  198  11:56  Command Center  
  198  11:58  Terran Ship Weapons Level 3  
  198  12:04  Terran Vehicle And Ship Armor Level 3  
  198  12:44  Refinery  
  198  12:46  Refinery  
  198  13:17  Orbital Command  
Show
View Real Time Build Order
Export as new Build Order

ReSlaver Protoss 

Build Orders: Carriers 

Get SALT Encoding   

  12  0:01  Probe  
  13  0:13  Probe  
  14  0:25  Pylon  
  14  0:30  Probe  
  15  0:43  Probe  
  15  0:47  Gateway  
  16  0:55  Probe  
  17  1:04  Assimilator  
  17  1:07  Probe  
  18  1:20  Probe  
  19  1:32  Probe  
  20  1:35  Cybernetics Core  
  20  1:39  Pylon  
  20  1:44  Probe  
  21  1:56  Probe  
  22  2:08  Probe  
  23  2:16  Assimilator  
  23  2:18  Stalker (Chrono Boost)  
  23  2:20  Probe  
  26  2:32  Probe  
  27  2:37  Nexus  
  26  2:44  Probe  
  27  2:54  Stargate  
  27  2:56  Probe  
  28  3:02  Stalker  
  30  3:08  Probe  
  31  3:16  Pylon  
  31  3:34  Probe  
  31  3:40  Pylon  
  32  3:43  Assimilator  
  32  3:46  Probe  
  32  3:47  Assimilator  
  33  3:53  Probe  
  34  3:58  Probe  
  35  4:05  Probe  
  35  4:08  Void Ray (Chrono Boost)  
  36  4:11  Probe (Chrono Boost)  
  41  4:19  Probe (Chrono Boost), Nexus  
  43  4:28  Probe (Chrono Boost)  
  43  4:29  Probe (Chrono Boost)  
  44  4:33  Stargate  
  44  4:34  Probe  
  45  4:43  Probe  
  46  4:47  Probe  
  47  4:55  Probe  
  48  5:07  Probe  
  48  5:08  Pylon  
  49  5:18  Probe, Nexus  
  49  5:21  Probe  
  51  5:31  Probe  
  51  5:33  Probe  
  53  5:39  Fleet Beacon  
  53  5:41  Pylon  
  53  5:45  Probe (Chrono Boost)  
  53  5:46  Probe (Chrono Boost)  
  53  5:48  Probe (Chrono Boost)  
  56  5:56  Probe (Chrono Boost)  
  59  5:57  Probe (Chrono Boost)  
  59  6:01  Probe (Chrono Boost)  
  59  6:03  Probe x2 (Chrono Boost)  
  61  6:07  Probe (Chrono Boost)  
  61  6:09  Forge  
  61  6:10  Pylon  
  62  6:11  Probe  
  62  6:12  Probe  
  62  6:14  Protoss Air Weapons Level 1  
  64  6:19  Probe  
  64  6:23  Probe  
  64  6:24  Probe  
  67  6:29  Assimilator  
  67  6:30  Carrier  
  73  6:33  Assimilator  
  73  6:36  Probe  
  74  6:41  Carrier  
  74  6:45  Protoss Shields Level 1  
  80  6:51  Probe (Chrono Boost)  
  80  6:53  Probe (Chrono Boost)  
  82  7:00  Assimilator  
  84  7:02  Probe (Chrono Boost)  
  84  7:04  Probe (Chrono Boost)  
  84  7:05  Assimilator  
  84  7:06  Probe (Chrono Boost)  
  85  7:09  Probe (Chrono Boost)  
  85  7:11  Probe (Chrono Boost)  
  85  7:14  Stargate  
  85  7:15  Stargate  
  87  7:17  Pylon, Probe (Chrono Boost)  
  87  7:18  Probe (Chrono Boost)  
  89  7:24  Probe (Chrono Boost)  
  89  7:29  Probe (Chrono Boost)  
  92  7:31  Probe (Chrono Boost)  
  92  7:33  Probe (Chrono Boost)  
  92  7:34  Photon Cannon  
  92  7:35  Photon Cannon  
  95  7:37  Probe (Chrono Boost)  
  95  7:38  Probe (Chrono Boost)  
  95  7:39  Probe (Chrono Boost)  
  97  7:45  Probe (Chrono Boost)  
  97  7:48  Pylon  
  97  7:49  Probe (Chrono Boost)  
  107  7:51  Probe (Chrono Boost)  
  107  7:58  Probe  
  112  8:10  Probe  
  113  8:20  Carrier  
  113  8:22  Carrier  
  113  8:23  Protoss Air Armor Level 1  
  113  8:24  Carrier  
  125  8:27  Carrier  
  125  8:36  Stargate  
  125  8:43  Probe (Chrono Boost)  
  126  8:53  Probe (Chrono Boost)  
  127  8:59  Probe (Chrono Boost)  
  128  9:05  Probe (Chrono Boost)  
  130  9:13  Probe (Chrono Boost)  
  130  9:15  Probe (Chrono Boost)  
  131  9:20  Probe (Chrono Boost)  
  131  9:23  Pylon  
  132  9:24  Pylon  
  132  9:27  Pylon  
  132  9:31  Stargate  
  132  9:35  Pylon  
  132  9:41  Carrier, Probe x2  
  132  9:42  Pylon  
  132  9:43  Pylon, Carrier  
  132  9:45  Void Ray, Carrier  
  156  9:53  Carrier, Probe x2  
  163  10:05  Probe  
  135  10:17  Warp Gate  
  134  10:28  Void Ray  
  143  10:53  Probe  
  143  10:54  Carrier  
  141  11:53  Pylon  
  141  11:54  Pylon  
  141  11:56  Pylon  
  141  11:59  Pylon  
  141  12:05  Pylon  
  141  12:07  Pylon  
  141  12:10  Pylon, Probe (Chrono Boost)  
  141  12:12  Carrier x2  
  141  12:13  Probe (Chrono Boost)  
  141  12:15  Pylon, Carrier  
  161  12:17  Carrier, Probe (Chrono Boost)  
  161  12:18  Pylon  
  161  12:21  Pylon  
  169  12:23  Carrier  
  169  12:24  Probe (Chrono Boost)  
  169  12:26  Probe (Chrono Boost)  
  169  12:27  Probe (Chrono Boost)  
  177  12:31  Pylon, Probe (Chrono Boost)  
  177  12:35  Pylon, Probe  
  177  12:36  Photon Cannon  
  179  12:37  Photon Cannon  
  179  12:42  Photon Cannon  
  179  12:43  Photon Cannon  
  179  12:47  Photon Cannon, Probe  
  179  12:48  Protoss Air Armor Level 2  
  179  12:50  Photon Cannon  
  180  12:57  Photon Cannon  
  180  13:12  Nexus  
  180  13:14  Pylon  
  180  13:16  Carrier x2  
  180  13:19  Carrier  
  198  13:38  Stargate  
  195  14:21  Carrier  
  196  14:48  Stargate  
  196  14:49  Stargate  
  196  14:55  Stargate  
Show
View Real Time Build Order
Export as new Build Order

Febreezey Protoss 

Build Orders:  

Get SALT Encoding   

  12  0:00  Probe  
  13  0:12  Probe  
  14  0:21  Pylon  
  14  0:29  Probe  
  15  0:39  Gateway  
  15  0:42  Probe  
  16  0:45  Assimilator  
  16  0:54  Probe  
  17  1:06  Probe  
  18  1:15  Assimilator  
  18  1:18  Probe  
  18  1:24  Pylon  
  19  1:29  Cybernetics Core  
  19  1:30  Probe  
  20  1:42  Probe  
  21  1:54  Probe  
  22  2:06  Stargate  
  22  2:07  Probe  
  23  2:21  Probe  
  23  2:22  Nexus  
  24  2:29  Assimilator  
  24  2:34  Probe  
  25  2:41  Stargate  
  25  2:46  Probe  
  26  2:56  Void Ray  
  26  2:58  Probe  
  31  3:04  Pylon  
  31  3:17  Pylon  
  31  3:23  Probe  
  32  3:34  Probe  
  32  3:35  Probe  
  32  3:38  Pylon  
  34  3:46  Probe  
  34  3:47  Probe  
  36  3:52  Void Ray  
  40  3:58  Probe  
  40  3:59  Probe  
  40  4:00  Assimilator  
  42  4:10  Probe  
  42  4:11  Probe  
  42  4:16  Fleet Beacon  
  44  4:23  Probe  
  46  4:24  Probe  
  46  4:34  Protoss Air Weapons Level 1  
  46  4:35  Probe  
  46  4:36  Probe  
  47  4:47  Probe  
  47  4:48  Probe, Cybernetics Core  
  42  5:00  Probe x2  
  42  5:02  Unknown  
  42  5:05  Void Ray  
  48  5:22  Nexus  
  48  5:27  Assimilator  
  48  5:29  Probe  
  48  5:30  Probe  
  50  5:41  Probe  
  51  5:51  Void Ray  
  51  5:54  Protoss Air Armor Level 1  
  55  6:00  Pylon  
  55  6:06  Probe x2  
  57  6:18  Probe x2  
  59  6:30  Probe x2  
  61  6:42  Probe x2  
  61  6:43  Probe  
  64  6:49  Void Ray, Protoss Air Weapons Level 2  
  68  6:54  Probe  
  68  6:55  Probe x2  
  68  6:56  Stargate  
  71  7:06  Probe  
  71  7:07  Probe  
  73  7:13  Void Ray  
  77  7:20  Stargate  
  78  7:30  Probe x3  
  78  7:34  Pylon  
  78  7:35  Assimilator  
  80  7:37  Pylon  
  80  7:39  Pylon  
  80  7:42  Probe x3  
  83  7:59  Forge  
  83  8:05  Void Ray x2  
  91  8:07  Void Ray  
  91  8:09  Protoss Air Armor Level 2, Pylon  
  91  8:10  Pylon  
  91  8:11  Pylon  
  95  8:13  Void Ray  
  95  8:19  Probe  
  100  8:23  Probe  
  101  8:31  Probe  
  101  8:32  Protoss Shields Level 1  
  102  8:42  Twilight Council  
  102  8:48  Photon Cannon  
  102  8:51  Void Ray, Photon Cannon  
  102  8:52  Void Ray  
  102  8:53  Photon Cannon  
  110  8:55  Photon Cannon  
  110  9:12  Void Ray  
  110  9:13  Void Ray  
  118  9:28  Pylon  
  118  9:30  Pylon  
  118  9:32  Protoss Air Weapons Level 3, Pylon  
  118  9:33  Pylon  
  118  9:35  Void Ray, Pylon  
  118  9:36  Pylon x2  
  122  9:43  Void Ray  
  126  9:54  Void Ray  
  90  10:09  Void Ray  
  78  10:18  Void Ray, Photon Cannon  
  78  10:21  Photon Cannon  
  82  10:23  Photon Cannon x2  
  82  10:26  Void Ray, Photon Cannon  
  76  10:57  Void Ray x2  
  76  11:01  Void Ray  
  88  11:07  Pylon  
  88  11:09  Void Ray, Pylon  
  92  11:11  Pylon  
  92  11:28  Pylon  
  92  11:36  Probe  
  93  11:48  Probe  
  93  11:52  Photon Cannon  
  93  11:53  Photon Cannon  
  93  11:54  Photon Cannon x2  
  94  12:00  Photon Cannon  
  94  12:01  Photon Cannon x2, Probe  
  95  12:02  Photon Cannon  
  95  12:04  Void Ray  
  95  12:05  Void Ray  
  95  12:06  Shield Battery  
  103  12:08  Shield Battery  
  103  12:10  Void Ray  
  103  12:13  Probe  
  103  12:14  Shield Battery  
  103  12:15  Shield Battery  
  108  12:25  Shield Battery  
  108  12:26  Void Ray  
  108  12:28  Shield Battery  
  112  12:30  Shield Battery  
  112  12:47  Void Ray  
  112  12:48  Void Ray  
  120  13:04  Void Ray  
  124  13:09  Void Ray  
  128  13:30  Void Ray  
  128  13:31  Void Ray  
  136  13:46  Void Ray  
  132  13:52  Void Ray  
  132  14:15  Void Ray x2  
  140  14:29  Void Ray  
  144  14:35  Void Ray  
Tags
 
Add a new tag
Caveats
  • Supply blocks, unpowered buildings, or Contaminate may cause inaccurate times.
  • Supply counts are checked every 10 seconds.